 Dungeon Crawl Stone Soup version 0.19-a0-1225-gf887c1c (webtiles) character file.

917 PurpleRed the Destroyer (level 7, -3/36 HPs)
             Began as a Deep Elf Conjurer on Aug 25, 2016.
             Killed from afar by an orc wizard (8 damage)
             ... with a magic dart
             ... on level 6 of the Dungeon.
             The game lasted 00:19:03 (1705 turns).

PurpleRed the Destroyer (Deep Elf Conjurer)         Turns: 1705, Time: 00:19:03

Health: -3/36      AC:  3    Str:  5    XL:     7   Next: 83%
Magic:  4/19       EV: 13    Int: 22    God:
Gold:   105        SH:  0    Dex: 15    Spells: 4 memorised, 7 levels left

rFire  . . .     SeeInvis .     k - +3 scimitar
rCold  . . .     Gourm    .     a - +1 robe
rNeg   . . .     Faith    .     (no shield)
rPois  .         Spirit   .     (no helmet)
rElec  .         Dismiss  .     (no cloak)
rCorr  .         Reflect  .     (no gloves)
MR     .....     Harm     .     (no boots)
Stlth  ++........               f - amulet of rage
                                (no ring)
                                (no ring)

@: no status effects
A: no striking features
a: Evoke Berserk Rage


You were on level 6 of the Dungeon.
You were not hungry.

You visited 1 branch of the dungeon, and saw 6 of its levels.
You also visited: Ossuary.

You collected 180 gold pieces.
You spent 75 gold pieces at shops.

Inventory:

Hand Weapons
 e - a +0 dagger
 i - the +7 sceptre of Torment
   (You acquired it on level 4 of the Dungeon)
 j - a +0 spear
 k - a +3 scimitar (weapon)
Armour
 a - a +1 robe (worn)
 s - a +1 leather armour of fire resistance
Jewellery
 d - an uncursed amulet of the gourmand
 f - an amulet of rage (around neck)
Wands
 u - a wand of paralysis (21/24)
 w - a wand of random effects (27/48)
 x - a wand of flame (1/48)
 y - a wand of flame (17/48)
Scrolls
 m - 2 scrolls of remove curse
 o - a scroll of identify
 v - a scroll of teleportation
Potions
 g - a potion of curing
 h - a potion of mutation
 l - 2 potions of ambrosia
 p - a potion of agility
Books
 b - a book of Conjurations

   Spells                             Type                      Level
   a - Magic Dart                     Conjuration                  1
   b - Searing Ray                    Conjuration                  2
   c - Dazzling Spray                 Conjuration/Hexes            3
   d - Fulminant Prism                Conjuration/Hexes            4
   e - Iskenderun's Mystic Blast      Conjuration                  4
   f - Iskenderun's Battlesphere      Conjuration/Charms           5
 A - a book of Annihilations

   Spells                             Type                      Level
   a - Poison Arrow                   Conjuration/Poison           6
   b - Chain Lightning                Conjuration/Air              8
   c - Lehudib's Crystal Spear        Conjuration/Earth            8
   d - Glaciate                       Conjuration/Ice              9
   e - Fire Storm                     Conjuration/Fire             9
Comestibles
 c - a bread ration
 n - 4 chunks of flesh
 r - a slice of pizza


   Skills:
 - Level 2.4 Dodging
 - Level 2.4 Stealth
 + Level 6.6 Spellcasting
 * Level 8.6 Conjurations
 + Level 5.1 Charms


You had 7 spell levels left.
You knew the following spells:

 Your Spells              Type           Power        Failure   Level  Hunger
a - Magic Dart            Conj           ####         1%          1    None
b - Searing Ray           Conj           #####.       1%          2    None
c - Iskenderun's Mystic   Conj           #####...     2%          4    ###....
d - Iskenderun's Battles  Conj/Chrm      #####...     14%         5    #####..


Dungeon Overview and Level Annotations

Branches:
Dungeon (6/15)             Temple (0/1) D:6

Altars:
Ashenzari
Cheibriados
Elyvilon
Fedhas
Kikubaaqudgha
Makhleb

Shops:
D:4 *(**


Message History

This wand has 22 charges left.
The orc wizard points at you and mumbles some strange words.
The magic dart hits you!
* * * LOW HITPOINT WARNING * * *
You feel better. The orc wizard hits you with a dagger.
* * * LOW HITPOINT WARNING * * *
The orc wizard casts a spell at you. The magic dart hits you!
* * * LOW HITPOINT WARNING * * *
You feel better.
Evoke which item? (* to show all) (? for menu, Esc to quit)
Zapping:
u - a wand of paralysis (22/24)
Press: ? - help, Shift-Dir - straight line, f/p - orc wizard
Aim: an orc wizard, wielding a dagger and wearing a robe (fast, chance to defeat MR: 46%)
The orc wizard resists with some effort.
This wand has 21 charges left.
The orc wizard hits you with a dagger.
* * * LOW HITPOINT WARNING * * *
The orc wizard gestures at you while chanting.
The magic dart hits you!
You die...

*,,..........#.#.....#o### *
*****##........#.....#...####**
* #.....#.........(........* *
#...#.#####.....###.####)* *
###...#.# #.....# *.# *,***
#.......# ###.### *,#***,**,
#.#...#.# #.# *,**,,>**,
#.......#######.# *,**,****<
#.#..........@oo# *,**,* *,
####.#.#.########### *,**,* *,
.....)...# *,**,* *, ####.#.###
*,**,* *, #.#.# *,**,* ** #.#.#
*,**,* #.#.# *,**,* #.#.#
*,**,***** #.#.########******
*,,,,,,,,,


You could see an orc wizard and an orc.

Vanquished Creatures
  A phantom (D:4)
  An orc warrior (D:6)
  2 centaurs (D:6)
  3 wights
  2 howler monkeys
  2 crimson imps (D:6)
  A hound (D:2)
  A jelly (D:3)
  2 orc wizards
  A centaur skeleton (D:6)
  An iguana (D:4)
  2 worker ants
  A mummy (D:4)
  2 adders
  2 dart slugs
  A giant gecko (D:3)
  15 orcs
  2 giant cockroaches
  2 goblins
  A hobgoblin (D:3)
  2 quokkas
  2 ball python skeletons (Ossuary)
  2 bats
  2 giant newts
  A goblin zombie (D:4)
  A hobgoblin zombie (Ossuary)
  2 kobolds
  A kobold zombie (Ossuary)
  An orc skeleton (Ossuary)
  3 orc zombies (Ossuary)
  A quokka skeleton (D:4)
  4 rats
67 creatures vanquished.

Notes
Turn   | Place    | Note
-------+----------+-------------------------------------------
     0 | D:1      | PurpleRed the Deep Elf Conjurer began the quest for the Orb.
     0 | D:1      | Reached XP level 1. HP: 10/10 MP: 6/6
    65 | D:2      | Reached XP level 2. HP: 15/15 MP: 2/8
    69 | D:2      | Learned a level 2 spell: Searing Ray
   270 | D:2      | Found a burning altar of Makhleb.
   321 | D:2      | Reached skill level 5 in Conjurations
   321 | D:2      | Reached XP level 3. HP: 15/19 MP: 0/10
   411 | D:3      | Found an ancient bone altar of Kikubaaqudgha.
   411 | D:3      | Found a blossoming altar of Fedhas.
   422 | D:3      | Found a white marble altar of Elyvilon.
   494 | D:3      | Reached XP level 4. HP: 2/24 MP: 8/12
   502 | D:3      | Learned a level 4 spell: Iskenderun's Mystic Blast
   579 | D:3      | Reached skill level 6 in Conjurations
   596 | D:4      | Found Musosch's Assorted Antiques.
   614 | D:4      | Bought a scroll labeled OCSUM HAFAUS for 25 gold pieces
   614 | D:4      | Bought a scroll labeled CAHUER ZAUNK for 25 gold pieces
   614 | D:4      | Bought a scroll labeled KIUBBA WULYGH for 25 gold pieces
   623 | D:4      | Reached XP level 5. HP: 14/28 MP: 7/14
   634 | D:4      | Learned a level 5 spell: Iskenderun's Battlesphere
   764 | D:4      | Reached skill level 5 in Spellcasting
   764 | D:4      | Reached skill level 1 in Charms
   859 | D:5      | Entered Level 5 of the Dungeon
   921 | D:4      | Found a sand-covered staircase.
   930 | D:4      | Reached XP level 6. HP: 27/32 MP: 11/15
   937 | Ossuary  | Entered an ossuary
   994 | Ossuary  | Reached skill level 7 in Conjurations
  1069 | Ossuary  | Noticed a flying skull
  1069 | Ossuary  | Noticed a wraith
  1075 | Ossuary  | Noticed a flying skull
  1076 | Ossuary  | Noticed a flying skull
  1221 | D:4      | Found a snail-covered altar of Cheibriados.
  1234 | D:4      | Found Riveziah's Weapon Shop.
  1355 | D:4      | Found Eceivix's Assorted Antiques.
  1371 | D:4      | Found Wocvuell's General Store.
  1418 | D:4      | Found a shattered altar of Ashenzari.
  1586 | D:6      | Reached XP level 7. HP: 29/36 MP: 6/17
  1622 | D:6      | Reached skill level 8 in Conjurations
  1690 | D:6      | Reached skill level 5 in Charms
  1705 | D:6      | Killed from afar by an orc wizard

Vault maps used:
D:1:      minmay_arrival_stone_box, interstate_on_off
D:2:      makhleb_heckhound_becter
D:3:      grunt_temple_overflow_growth_and_decay, tso_oasis_becter,
          elyvilon_altar_1, hangedman_decor_riveting
D:4:      ashenzari_altar_1, lemuel_crystal_altar, nicolae_ossuary_entry_giza,
          serial_shops, shop, shop_statue, nicolae_shop_waterfront,
          nicolae_shop_overgrown_old_shop, kennysheep_mini_moat,
          nicolae_qazlal_style_of_elements
D:5:      first_bread
D:6:      hangedman_feature_mirror,
          nicolae_gozag_cash_rules_everything_around_me
Ossuary:  ossuary_due_cavern

Skill      XL: |  1  2  3  4  5  6  7 |
---------------+----------------------+-----
Conjurations   | 5 6 7 8 |  8.6
Spellcasting   | 4 5 6 |  6.6
Charms         | 2 3 5 |  5.1
Dodging        | |  2.4
Stealth        | |  2.4

Action                   |  1- 3 |  4- 6 |  7- 9 || total
-------------------------+-------+-------+-------++-------
Melee: Spear             |    21 |    42 |       ||    63
       Scimitar          |       |    26 |     3 ||    29
 Cast: Magic Dart        |    22 |    14 |     1 ||    37
       Searing Ray       |     2 |    21 |     3 ||    26
       Iskenderun's Batt |       |       |     1 ||     1
 Abil: Evoke Berserk Rag |     1 |     1 |       ||     2
Evoke: Wand              |       |       |     5 ||     5
  Use: Scroll            |       |     9 |     6 ||    15
       Potion            |       |       |     2 ||     2
 Stab: Distracted        |     1 |       |       ||     1
       Sleeping          |       |    11 |       ||    11
  Eat: Chunk             |       |     4 |       ||     4
Armor: Robe              |     4 |    11 |     2 ||    17
Dodge: Dodged            |    21 |    35 |     8 ||    64
